 Dungeon Crawl Stone Soup version 0.17.0-28-g6e173f8 (webtiles) character file.

251 coffecat the Sneak (level 5, -3/36 HPs)
             Began as a Vampire Enchanter on Dec 2, 2015.
             Killed by nerve-wracking pain
             ... invoked by an orc priest
              (10 damage)
             ... on level 4 of the Dungeon.
             The game lasted 00:20:52 (2824 turns).

coffecat the Sneak (Vampire Enchanter)              Turns: 2824, Time: 00:20:53

Health: -3/36      AC:  6    Str:  7    XL:     5   Next: 88%
Magic:  6/9        EV: 17    Int: 17    God:
Gold:   142        SH:  0    Dex: 21    Spells: 3 memorised, 3 levels left

rFire  . . .     SeeInvis +     m - +3 short sword (venom)
rCold  + . .     Clarity  .     s - +0 ring mail
rNeg   + + .     SustAt   +     (no shield)
rPois  +         Gourm    .     p - +0 helmet
rElec  .         Spirit   .     (no cloak)
rCorr  .         Warding  .     (no gloves)
rMut   .         Stasis   .     (no boots)
MR     .....                    e - amulet of regeneration
Stlth  ++++......               n - ring of flight
                                i - ring of sustain attributes

@: agile, very slightly contaminated, regenerating slowly, slowed, very slow,
not resistant to hostile enchantments, stealthy
A: fangs 3, see invisible, unbreathing
a: Bat Form, Evoke Flight


You were on level 4 of the Dungeon.
You were thirsty.

You visited 1 branch of the dungeon, and saw 4 of its levels.

You collected 142 gold pieces.

Inventory:

Hand Weapons
 a - a +1 dagger
 m - a +3 short sword of venom (weapon)
 r - a +2 short sword of protection
Armour
 b - a +1 robe
 j - a +0 ring mail
 p - a +0 helmet (worn)
 s - a +0 ring mail (worn)
Jewellery
 e - an amulet of regeneration (around neck)
 f - an uncursed amulet of resist mutation {unknown}
 i - a ring of sustain attributes (left hand)
 n - a ring of flight (right hand)
 o - an uncursed amulet of guardian spirit {unknown}
Scrolls
 g - a scroll of identify {unknown}
 h - a scroll of enchant armour {unknown}
 u - a scroll of remove curse {unknown}
 v - a scroll of recharging {unknown}
Potions
 d - 17 potions of blood
 k - a potion of magic {unknown}
 l - a potion of might {unknown}
 t - a potion of flight {unknown}
Books
 c - a book of Maledictions

   Spells                             Type                      Level
   a - Corona                         Hexes                        1
   b - Ensorcelled Hibernation        Hexes/Ice                    2
   c - Confuse                        Hexes                        3
   d - Tukima's Dance                 Hexes                        3
   e - Dazzling Spray                 Conjuration/Hexes            3


   Skills:
 - Level 0.5 Fighting
 * Level 3.1 Short Blades
 - Level 0.4 Armour
 * Level 3.7 Dodging
 + Level 5.5 Stealth
 + Level 3.0 Spellcasting
 + Level 5.4 Hexes


You had 3 spell levels left.
You knew the following spells:

 Your Spells              Type           Power        Failure   Level  Hunger
a - Corona                Hex            ###....      10%         1    None
b - Confuse               Hex            ###.....     21%         3    ###....
c - Tukima's Dance        Hex            ###.....     21%         3    ###....


Dungeon Overview and Level Annotations

Branches:
Dungeon (4/15)
 Temple: D:4-7

Altars:
Fedhas
Gozag

Annotations:
D:3 Robin


Innate Abilities, Weirdness & Mutations

You heal slowly.
You have razor-sharp teeth.
You have supernaturally acute eyesight.
You can survive without breathing.


Message History

Confirm with . or Enter, or press ? or * to list all spells.
Aiming: Confuse
Press: ? - help, Shift-Dir - straight line, f - orc priest
Aim: an orc priest, wielding a flail (lightly wounded, chance to defeat MR: 50%)
You miscast Confuse.
Nothing appears to happen.
The orc priest hits you with a flail!
* * * LOW HITPOINT WARNING * * *
The orc priest invokes the aid of Beogh against you.
You struggle to resist.
There is a stone staircase leading down here.
You completely miss the orc priest.
The orc priest is lightly wounded.
The orc priest complains repeatedly.
The orc priest casts a cantrip, but nothing happens.
Drink which item? (? for menu, Esc to quit)
It was a potion of agility.
You feel agile all of a sudden.
The orc priest mumbles some strange prayers to Beogh against you.
Pain shoots through your body!
You die...

##### ...(# ....#
....#
....##############
....'...........@#
....############o#
....# #)# ....#
#.# ##### #.# #)#
#.# #.# #.#


You could see an orc priest.

Vanquished Creatures
  An ogre (D:4)
  An orc wizard (D:4)
  Terence (D:2)
  Natasha (D:2)
  A worker ant (D:4)
  An adder (D:2)
  2 worms (D:2)
  A giant gecko (D:4)
  2 orcs (D:4)
  3 bats
  3 giant cockroaches
  7 hobgoblins
  4 jackals (D:2)
  A quokka (D:2)
  A ball python (D:4)
  2 giant newts
  11 goblins
  7 kobolds
  3 rats
53 creatures vanquished.

Vanquished Creatures (others)
  A fungus (D:3)
1 creature vanquished.

Grand Total: 54 creatures vanquished

Notes
Turn   | Place    | Note
--------------------------------------------------------------
     0 | D:1      | coffecat the Vampire Enchanter began the quest for the Orb.
     0 | D:1      | Reached XP level 1. HP: 13/13 MP: 3/3
   686 | D:1      | Reached XP level 2. HP: 16/19 MP: 3/5
  1435 | D:2      | Reached XP level 3. HP: 21/24 MP: 4/6
  1445 | D:2      | Learned a level 3 spell: Confuse
  1455 | D:2      | Noticed Terence
  1643 | D:2      | Noticed Natasha
  1665 | D:2      | Killed Natasha
  1778 | D:2      | Learned a level 3 spell: Tukima's Dance
  1825 | D:2      | Found an opulent altar of Gozag.
  1858 | D:2      | Reached XP level 4. HP: 30/30 MP: 4/7
  1943 | D:2      | Killed Terence
  1943 | D:2      | Reached skill level 5 in Stealth
  2199 | D:3      | Found a blossoming altar of Fedhas.
  2323 | D:3      | Noticed Robin
  2331 | D:3      | Reached skill level 5 in Hexes
  2691 | D:4      | Reached XP level 5. HP: 36/36 MP: 9/9
  2725 | D:4      | Noticed an ogre
  2736 | D:4      | Killed an ogre
  2824 | D:4      | Killed from afar by an orc priest

Action                   |  1- 3 |  4- 6 || total
-------------------------+-------+-------++-------
Melee: Dagger            |   110 |       ||   110
       Short sword       |     9 |    39 ||    48
Throw: Stone             |       |     1 ||     1
 Cast: Corona            |    31 |       ||    31
       Confuse           |     4 |     8 ||    12
 Abil: End Transformatio |       |     1 ||     1
       Bat Form          |       |     1 ||     1
  Use: Potion            |     3 |     4 ||     7
       Scroll            |       |     1 ||     1
 Stab: Sleeping          |     2 |     4 ||     6
       Confused          |     1 |     1 ||     2
